AoeStats
← KnaidelCobra4

Fortress

509638041Analyzed
3v3 RM · 3d ago on Sep 27, 2026· 50m 35s· 6 players
Game mode
Random Map
Map size
Large (8 player)
Population
200
Speed
Normal
Resources
Standard
Victory
Conquest
Starting age
Dark Age
Ending age
Imperial Age
RankedLock teamsTeams togetherTeam positionsShared explorationLock speedFull tech treeHidden civsTurbo modeCheats
Victory
Defeat
🇪🇸 Britons · Spain
1175
+14
🇪🇸 Inca · Spain
1085
+18
🇪🇸 Turks · Spain
1013
+22
🇩🇪 Chinese · Germany
1157
-19
🇦🇷 Bohemians · Argentina
1129
-18
🇹🇷 Gurjaras · Türkiye
1108
-17
(DB) Ezdur
8:49 Feudal Age
9:48 Double-Bit Axe
9:49 Horse Collar
12:58 Castle Age
12:24 Gold Mining
13:15 Loom
15:41 Bow Saw
15:35 Heavy Plow
19:33 Wheelbarrow
19:01 Town Watch
27:54 Imperial Age
26:05 Gold Shaft Mining
25:22 Stone Mining
26:53 Scale Barding Armor
26:59 Forging
26:40 Fletching
28:36 Chain Barding Armor
28:28 Husbandry
28:38 Bloodlines
28:57 Hand Cart
29:53 Conscription
28:56 Heavy Camel Rider
30:54 Plate Barding Armor
30:55 Iron Casting
30:17 Bodkin Arrow
30:24 Scale Mail Armor
30:42 Thumb Ring
29:58 Elite Skirmisher
31:54 Kshatriyas
32:53 Padded Archer Armor
33:00 Caravan
33:31 Coinage
33:56 Elite Elephant Archer
37:33 Frontier Guards
37:36 Leather Archer Armor
38:14 Ballistics
38:55 Chemistry
37:51 Murder Holes
37:37 Treadmill Crane
39:05 Banking
44:12 Bracer
44:28 Chain Mail Armor
44:40 Elite Chakram Thrower
steven.K
1:12 Loom
8:28 Feudal Age
13:03 Castle Age
12:19 Double-Bit Axe
16:26 Wheelbarrow
18:49 Stone Mining
20:15 Fletching
21:17 Ballistics
21:24 Horse Collar
22:42 Bodkin Arrow
23:56 Bodkin Arrow
26:45 Imperial Age
24:47 Great Wall
24:54 Town Watch
27:31 Hand Cart
27:22 Bodkin Arrow
28:40 Padded Archer Armor
30:19 Town Patrol
33:53 Bracer
34:09 Leather Archer Armor
33:54 Scale Mail Armor
33:17 Elite Skirmisher
34:22 Bow Saw
34:57 Forging
36:13 Two-Man Saw
35:43 Thumb Ring
36:10 Ring Archer Armor
38:36 Stone Shaft Mining
37:52 Gold Mining
38:13 Elite Chu Ko Nu
41:58 Arrowslits
44:19 Chain Mail Armor
46:44 Gold Shaft Mining
Tutu®
7:42 Feudal Age
11:42 Castle Age
9:38 Double-Bit Axe
10:01 Horse Collar
12:33 Wheelbarrow
11:47 Loom
12:39 Wheelbarrow
11:50 Town Watch
13:10 Bow Saw
13:01 Heavy Plow
14:04 Fervor
19:34 Hand Cart
24:33 Imperial Age
23:22 Fletching
24:29 Bodkin Arrow
24:50 Crossbowman
25:31 Bracer
25:54 Ballistics
26:36 Chemistry
26:43 Padded Archer Armor
26:14 Elite Skirmisher
27:46 Leather Archer Armor
28:57 Ring Archer Armor
N.durán
7:07 Feudal Age
7:44 Double-Bit Axe
7:39 Horse Collar
8:38 Wheelbarrow
14:25 Castle Age
14:12 Scale Mail Armor
15:43 Bow Saw
15:34 Heavy Plow
16:03 Gold Mining
17:25 Champi Runner
19:31 Town Watch
27:37 Imperial Age
24:35 Champi Warrior
26:07 Forging
26:14 Chain Mail Armor
26:48 Gold Shaft Mining
26:50 Chain Mail Armor
27:41 Iron Casting
27:42 Capped Ram
28:15 Arson
30:40 Elite Champi Warrior
32:01 Squires
32:34 Plate Mail Armor
32:28 Siege Ram
34:36 Fletching
34:46 Padded Archer Armor
35:49 Hand Cart
35:34 Town Patrol
36:05 Crossbowman
36:50 Thumb Ring
37:50 Bodkin Arrow
38:55 Blast Furnace
38:51 Arbalester
44:04 Bracer
44:19 Leather Archer Armor
44:54 Crop Rotation
45:12 Ballistics
45:53 Chemistry
46:13 Ring Archer Armor
46:27 Conscription
46:13 Fabric Shields
KnaidelCobra4
7:06 Feudal Age
7:20 Loom
11:09 Castle Age
9:18 Double-Bit Axe
12:03 Bow Saw
11:43 Horse Collar
17:40 Wheelbarrow
17:28 Stone Mining
17:34 Gold Mining
18:16 Stone Mining
18:59 Heavy Plow
19:21 Heavy Plow
19:40 Hand Cart
20:49 Heavy Plow
20:37 Town Watch
20:44 Fletching
22:00 Bodkin Arrow
22:59 Ballistics
23:31 Padded Archer Armor
27:01 Imperial Age
26:12 Leather Archer Armor
26:40 Scale Mail Armor
27:48 Bracer
28:50 Chemistry
27:12 Elite Longbowman
28:59 Ring Archer Armor
29:41 Conscription
29:56 Yeomen
30:29 Gold Shaft Mining
30:44 Forging
31:57 Two-Man Saw
33:59 Pikeman
34:40 Squires
34:56 Chain Mail Armor
36:53 Hoardings
36:50 Plate Mail Armor
36:29 Guard Tower
37:21 Iron Casting
36:09 Halberdier
37:46 Fortified Wall
38:24 Masonry
40:08 Architecture
40:46 Warwolf
41:59 Scale Barding Armor
42:56 Blast Furnace
42:33 Cavalier
43:14 Husbandry
43:22 Scale Barding Armor
45:03 Chain Barding Armor
44:22 Light Cavalry
46:33 Plate Barding Armor
50:20 Siege Engineers
Lober23
7:21 Feudal Age
11:59 Castle Age
18:11 Imperial Age
16:44 Gold Mining
16:51 Double-Bit Axe
17:25 Horse Collar
26:57 Bow Saw
33:22 Two-Man Saw
32:25 Heavy Plow
32:53 Fletching
33:03 Padded Archer Armor
33:27 Masonry
34:32 Padded Archer Armor
36:22 Architecture
36:38 Gold Shaft Mining
39:15 Bloodlines
39:06 Husbandry
40:37 Scale Barding Armor
40:57 Loom
40:57 Town Watch
41:54 Stone Mining
43:49 Town Patrol
44:38 Wheelbarrow
44:26 Forging
44:37 Chain Barding Armor
44:14 Bodkin Arrow
45:02 Leather Archer Armor
45:14 Conscription
46:22 Hand Cart
47:05 Plate Barding Armor
47:06 Iron Casting
Connection lost

Rejoining the realm…

Still unreachable

The connection could not be restored.

Session expired

The server has moved on; the page needs a fresh start.